AoeStats
← Marlena

Black Forest

504089983Analyzed
1v1 RM · 28d ago on Sep 3, 2026· 61m 27s· 2 players
Game mode
Random Map
Map size
Tiny (2 player)
Population
200
Speed
Normal
Resources
Standard
Victory
Conquest
Starting age
Dark Age
Ending age
Imperial Age
RankedLock teamsTeams togetherTeam positionsShared explorationLock speedFull tech treeHidden civsTurbo modeCheats
Victory
Defeat
🇹🇷 Khmer · Türkiye
438
+10
🇩🇪 Lithuanians · Germany
298
-10
Marlena
0:52 Loom
13:41 Feudal Age
15:17 Wheelbarrow
14:28 Town Watch
15:35 Double-Bit Axe
15:35 Horse Collar
23:17 Castle Age
21:47 Arson
24:55 Stone Mining
24:57 Gold Mining
25:14 Heavy Plow
25:28 Bow Saw
27:00 Stone Shaft Mining
27:18 Forging
27:09 Scale Mail Armor
28:29 Pikeman
29:10 Squires
29:59 Hand Cart
29:44 Town Patrol
31:22 Fortified Wall
31:08 Murder Holes
32:12 Guard Tower
32:43 Ballistics
38:13 Imperial Age
36:04 Treadmill Crane
36:35 Masonry
36:32 Light Cavalry
37:22 Bloodlines
37:13 Husbandry
37:32 Scale Barding Armor
37:42 Chain Mail Armor
38:03 Iron Casting
37:18 Fletching
37:29 Padded Archer Armor
38:57 Halberdier
39:00 Cavalier
40:38 Conscription
40:55 Hoardings
40:27 Tower Shields
41:34 Crop Rotation
42:09 Two-Man Saw
42:11 Chain Barding Armor
42:06 Leather Archer Armor
42:17 Bodkin Arrow
43:17 Keep
43:17 Architecture
44:36 Hill Forts
45:24 Plate Barding Armor
46:28 Chemistry
48:28 Ring Archer Armor
48:00 Bracer
48:29 Paladin
55:58 Winged Hussar
58:42 Guilds
cmertceker
13:12 Feudal Age
18:00 Loom
21:33 Castle Age
20:35 Double-Bit Axe
20:35 Horse Collar
20:51 Gold Mining
20:59 Stone Mining
23:22 Gold Shaft Mining
26:30 Heavy Plow
29:13 Wheelbarrow
29:12 Bow Saw
30:13 Hand Cart
31:01 Stone Shaft Mining
31:59 Town Watch
36:29 Imperial Age
37:38 Conscription
37:15 Town Watch
37:48 Bloodlines
37:39 Husbandry
37:48 Scale Barding Armor
37:34 Fletching
38:19 Crop Rotation
43:00 Forging
47:48 Double Crossbow
48:15 Chain Barding Armor
47:52 Bodkin Arrow
48:27 Town Patrol
48:07 Elite Ballista Elephant
49:39 Plate Barding Armor
49:45 Hoardings
49:27 Sappers
53:15 Chemistry
52:36 Ballistics
52:54 Iron Casting
52:22 Bracer
55:09 Masonry
54:56 Murder Holes
55:08 Siege Engineers
57:38 Blast Furnace
Connection lost

Rejoining the realm…

Still unreachable

The connection could not be restored.

Session expired

The server has moved on; the page needs a fresh start.